AoeStats
← Gim

Arena

508650237Analyzed
4v4 RM · 7d ago on Sep 23, 2026· 46m 37s· 8 players
Game mode
Random Map
Map size
Large (8 player)
Population
200
Speed
Normal
Resources
Standard
Victory
Conquest
Starting age
Dark Age
Ending age
Imperial Age
RankedLock teamsTeams togetherTeam positionsShared explorationLock speedFull tech treeHidden civsTurbo modeCheats
Victory
Defeat
🇹🇼 Italians · Taiwan
1261
+15
🇨🇳 Franks · China
1258
+15
🇻🇳 Teutons · Vietnam
1242
+16
🇹🇼 Varangians · Taiwan
1210
+17
🇺🇸 Varangians · United States
1280
-18
🇹🇼 Danes · Taiwan
1265
-17
🇨🇳 Sicilians · China
1199
-14
🇸🇦 Cumans · Saudi Arabia
1196
-14
john cena
11:31 Feudal Age
15:42 Castle Age
13:57 Double-Bit Axe
14:08 Horse Collar
20:40 Bow Saw
24:00 Wheelbarrow
24:20 Gold Mining
24:55 Stone Mining
26:13 Heavy Plow
29:34 Imperial Age
27:14 Scale Barding Armor
27:19 Forging
27:21 Loom
28:22 Hand Cart
27:54 Town Watch
28:32 Chain Barding Armor
29:47 Husbandry
29:57 Bloodlines
29:48 Elite Jarl
30:48 Conscription
31:25 Plate Barding Armor
31:50 Iron Casting
32:43 Stone Shaft Mining
33:09 Two-Man Saw
32:42 Crop Rotation
32:54 Masonry
32:25 Treadmill Crane
35:59 Light Cavalry
37:30 Hussar
47:45 Blast Furnace
羊了个羊
10:20 Feudal Age
11:54 Double-Bit Axe
14:15 Castle Age
13:53 Double-Bit Axe
17:59 Loom
18:22 Loom
22:01 Bow Saw
24:40 Wheelbarrow
27:37 Imperial Age
25:22 Gold Mining
26:16 Wheelbarrow
25:57 Scale Barding Armor
27:01 Gold Shaft Mining
27:07 Husbandry
27:27 Hand Cart
27:33 Chain Barding Armor
27:27 Forging
27:31 Stone Mining
27:50 Cavalier
29:09 Plate Barding Armor
30:49 Paladin
32:49 Iron Casting
37:01 Conscription
36:42 Chivalry
37:53 Blast Furnace
42:26 Arson
42:42 Squires
42:02 Pikeman
42:44 Scale Mail Armor
43:18 Coinage
45:15 Fletching
45:59 Banking
RenMoNMoN
10:32 Feudal Age
14:28 Castle Age
12:55 Double-Bit Axe
13:37 Loom
14:03 Horse Collar
19:16 Gold Mining
21:51 Fletching
24:59 Imperial Age
22:48 Fletching
23:01 Padded Archer Armor
23:35 Bow Saw
23:28 Bodkin Arrow
25:05 Leather Archer Armor
26:04 Wheelbarrow
25:42 Thumb Ring
26:11 Bracer
28:37 Ring Archer Armor
28:56 Conscription
28:59 Squires
28:45 Arson
30:12 Wheelbarrow
30:43 Conscription
31:10 Scale Mail Armor
31:55 Stone Mining
33:14 Hand Cart
33:21 Chain Mail Armor
33:29 Heavy Plow
34:14 Forging
35:36 Hand Cart
36:47 Elite Genoese Crossbowman
41:54 Two-Man Saw
44:16 Chemistry
43:37 Ballistics
44:34 Coinage
46:33 Masonry
47:05 Crop Rotation
HAIPHONG u50
8:48 Feudal Age
9:21 Double-Bit Axe
9:23 Loom
16:00 Fletching
21:42 Castle Age
19:56 Horse Collar
22:40 Bow Saw
23:49 Wheelbarrow
27:29 Hand Cart
27:30 Town Watch
32:26 Imperial Age
30:46 Bodkin Arrow
30:56 Stone Mining
30:57 Gold Mining
33:10 Stone Shaft Mining
32:39 Heavy Plow
34:48 Crenellations
34:51 Ballistics
35:21 Conscription
37:11 Chemistry
36:57 Masonry
37:34 Heated Shot
38:21 Town Patrol
38:51 Onager
40:49 Crop Rotation
40:27 Siege Engineers
40:47 Siege Onager
42:45 Bombard Tower
42:20 Elite Teutonic Knight
迷途之子長崎爽世
5:54 Loom
11:09 Feudal Age
16:04 Castle Age
14:01 Double-Bit Axe
16:31 Horse Collar
20:44 Squires
20:47 Gold Mining
25:18 Heavy Plow
25:19 Stone Mining
27:12 Bow Saw
28:04 Wheelbarrow
30:51 Imperial Age
29:02 Forging
29:55 Scale Mail Armor
29:56 Arson
31:59 Iron Casting
33:35 Hand Cart
33:54 Chain Mail Armor
34:09 Capped Ram
36:13 Blast Furnace
35:45 Plate Mail Armor
37:21 Conscription
37:44 Gambesons
37:24 Elite Varangian Guard
37:56 Fletching
39:09 Pikeman
40:43 Masonry
40:40 Town Watch
Gim
10:11 Feudal Age
13:50 Castle Age
12:00 Double-Bit Axe
14:41 Horse Collar
19:55 Wheelbarrow
23:14 Hand Cart
23:11 Bow Saw
23:06 Heavy Plow
28:54 Imperial Age
26:26 Stone Mining
26:27 Gold Mining
26:40 Loom
26:48 Fletching
28:03 Gold Shaft Mining
27:52 Bodkin Arrow
28:38 Scale Mail Armor
29:21 Ballistics
29:55 Conscription
28:56 Elite Serjeant
30:55 Chemistry
30:13 Chain Mail Armor
30:44 Crop Rotation
30:49 Forging
30:31 Heavy Scorpion
31:14 Capped Ram
32:39 Stone Shaft Mining
33:52 Heavy Scorpion
35:32 Plate Mail Armor
35:04 Bracer
36:35 Iron Casting
36:07 Siege Ram
38:46 Blast Furnace
39:28 Siege Engineers
39:09 Arrowslits
43:48 Murder Holes
43:35 Pikeman
Shane Pizza
10:29 Feudal Age
11:01 Loom
11:05 Double-Bit Axe
16:04 Castle Age
14:59 Fletching
29:14 Horse Collar
29:35 Treadmill Crane
34:24 Forging
34:15 Scale Mail Armor
37:05 Chain Mail Armor
38:56 Pikeman
3Zoo_77
10:10 Feudal Age
12:48 Horse Collar
18:37 Castle Age
16:35 Double-Bit Axe
22:37 Bloodlines
22:54 Loom
26:15 Wheelbarrow
26:22 Gold Mining
30:43 Imperial Age
28:16 Capped Ram
29:30 Steppe Husbandry
29:55 Hand Cart
30:04 Heavy Plow
30:19 Bow Saw
30:46 Forging
30:41 Scale Barding Armor
30:27 Fletching
30:38 Padded Archer Armor
30:56 Elite Steppe Lancer
33:43 Iron Casting
33:29 Chain Barding Armor
35:44 Blast Furnace
35:40 Siege Ram
38:01 Plate Barding Armor
37:49 Conscription
Connection lost

Rejoining the realm…

Still unreachable

The connection could not be restored.

Session expired

The server has moved on; the page needs a fresh start.